 Dungeon Crawl Stone Soup version bcrawl-1.33-1-ga1336d5a09 (webtiles) character file.

Game seed: 10289723511994377674

233737 pheathergobbo575 the Basher (level 5, -1/57 HPs)
             Began as an Ent Berserker on Aug 22, 2021.
             Was a Believer of Trog.
             Killed by divine providence
             ... invoked by an orc priest
              (10 damage)
             ... on level 5 of the Dungeon.
             The game lasted 00:02:53 (1791 turns).

pheathergobbo575 the Basher (Ent Berserker)         Turns: 1791, Time: 00:02:53

Health: -1/57      AC: 14    Str: 25    XL:     5   Next: 98%
Magic:  5/5        EV: 10    Int:  8    God:    Trog [**....]
Gold:   210        SH:  0    Dex:  9    Spells: 4/4 levels left

rFire    . . .     SeeInvis .   a - +0 mace
rCold    . . .     Gourm    .   (no shield)
rNeg     + + +     Faith    .   (armour unavailable)
rPois    +         Spirit   .   k - +2 hat
rElec    .         Reflect  .   (no cloak)
rCorr    .         Harm     .   (gloves unavailable)
MR       .....                  (boots unavailable)
Stlth    +.........             (no amulet)
HPRegen  0.19/turn              (no ring)
MPRegen  0.09/turn              (no ring)

@: berserk cooldown, slowed, very slow
A: large, slow actions, passwall, strong branches, negative energy resistance 3,
poison resistance, slow metabolism 1, torment resistance, unbreathing, AC +12
a: Passwall, Berserk, Trog's Hand, Renounce Religion


You were on level 5 of the Dungeon.
You worshipped Trog.
Trog was pleased with you.
You were very hungry.

You visited 1 branch of the dungeon, and saw 4 of its levels.

You collected 210 gold pieces.

Inventory:

Hand Weapons
 a - a +0 mace (weapon)
Armour
 k - a +2 hat (worn)
 l - a +0 cloak of magic resistance
Scrolls
 b - a scroll of fear {unknown}
 f - 2 scrolls of remove curse {unknown}
 g - a scroll of teleportation {unknown}
 h - a scroll of immolation {unknown}
 i - a scroll of identify
Potions
 c - a potion of brilliance {unknown}
 d - a potion of berserk rage {unknown}
 j - a potion of cancellation {unknown}
 m - a potion of curing {unknown}
 n - a potion of degeneration {unknown}
Comestibles
 e - 7 rations {!d}
 o - a chunk of flesh


   Skills:
 - Level 3.2 Fighting
 + Level 8.1 Maces & Flails
 - Level 2.6 Dodging


You had 4 spell levels left.
You didn't know any spells.
Your spell library was empty.

Dungeon Overview and Level Annotations

Branches:
Dungeon (5/12)
 Temple: D:4-7

Altars:


Innate Abilities, Weirdness & Mutations

You move and act slowly.
You can pass through walls and trees.
Your branches can wield two-handed weapons with a shield.
Your thick bark is tough. (AC +12)
You are too large for most types of armour.
You are immune to negative energy. (rN+++)
Your system is resistant to poisons. (rPois)
You have a slow metabolism.
You are immune to unholy pain and torment.
You can survive without breathing.


Message History

The orc priest cheers noisily.
The hornet zombie closely misses you.
The hornet zombie hits you but does no damage.
You barely miss the hornet zombie.
The hornet zombie is almost destroyed.
The hornet zombie hits you but does no damage.
The hornet zombie barely misses you. The hornet zombie hits you.
You closely miss the hornet zombie.
The hornet zombie is almost destroyed.
The hornet zombie hits you but does no damage.
The hornet zombie hits you.
* * * LOW HITPOINT WARNING * * *
The hornet zombie hits you.
* * * LOW HITPOINT WARNING * * *
You hit the hornet zombie but do no damage.
The hornet zombie is almost destroyed.
The hornet zombie barely misses you. x2
The orc priest calls down the wrath of Beogh upon you.
Beogh smites you!
You die...

. .#. ..# .. ..
... #.##.##.#
.......# #..#Z#
#..)o#########
Zo..).##.....o.oZ#
..o.o #########Z#
.... #@# ... #.#
.. #.# . #.# #.#
######## #.#####
#....)<# #.....#
+......+ #.######
###......#
#......#


You could see an orc priest, a hornet zombie and an adder skeleton.

Vanquished Creatures
  An ogre (D:4)
  A crimson imp (D:4)
  Crazy Yiuf (D:2)
  An orc wizard (D:5)
  Terence (D:2)
  An adder (D:4)
  2 worms (D:2)
  3 dart slugs
  2 leopard geckos
  5 orcs
  5 bats
  A giant cockroach (D:2)
  4 goblins
  4 hobgoblins
  4 jackals
  2 quokkas (D:2)
  A ball python (D:1)
  2 frilled lizards
  6 kobolds
  A rat (D:1)
48 creatures vanquished.

Notes
Turn   | Place    | Note
-------+----------+-------------------------------------------
     0 | D:1      | pheathergobbo575 the Ent Berserker began the quest for the
                  | Orb.
     0 | D:1      | Reached XP level 1. HP: 25/25 MP: 1/1
    44 | D:1      | Reached skill level 4 in Maces & Flails
   207 | D:1      | Reached XP level 2. HP: 32/33 MP: 2/2
   910 | D:2      | Noticed Terence
   911 | D:2      | Reached skill level 5 in Maces & Flails
   917 | D:2      | Killed Terence
   918 | D:2      | Reached XP level 3. HP: 40/40 MP: 3/3
  1051 | D:2      | Reached ** piety under Trog
  1136 | D:2      | Found a runed door.
  1140 | D:2      | Noticed Crazy Yiuf
  1146 | D:2      | Killed Crazy Yiuf
  1147 | D:2      | Reached skill level 6 in Maces & Flails
  1147 | D:2      | Reached XP level 4. HP: 43/49 MP: 4/4
  1481 | D:2      | You fall into a shaft and drop 2 floors!
  1518 | D:4      | Reached skill level 7 in Maces & Flails
  1518 | D:4      | Reached XP level 5. HP: 57/57 MP: 5/5
  1548 | D:4      | Noticed an ogre
  1557 | D:4      | Killed an ogre
  1617 | D:4      | Noticed an ogre
  1638 | D:5      | Entered Level 5 of the Dungeon
  1772 | D:5      | Reached skill level 8 in Maces & Flails
  1791 | D:5      | Killed from afar by an orc priest

Skill      XL: |  1  2  3  4  5 |
---------------+----------------+-----
Maces & Flails | 4 5 6 7 8 |  8.1
Fighting       | |  3.2
Dodging        | |  2.6

Action                   |  1- 3 |  4- 6 || total
-------------------------+-------+-------++-------
Melee: Mace              |    98 |    79 ||   177
Invok: Berserk           |     1 |     1 ||     2
  Eat: Chunk             |     3 |     4 ||     7
Armor: Skin              |    73 |    65 ||   138
Dodge: Dodged            |    89 |    52 ||   141
